 Dungeon Crawl Stone Soup version 0.28.0-49-g6dfe1f597d (console) character file.

Game seed: 9615039396207736679

1523 Faeu the Skirmisher (level 8, -1/73 HPs)
             Began as a Minotaur Berserker on May 12, 2022.
             Was a Priest of Trog.
             Slain by a wight
             ... wielding a +3 halberd
              (9 damage)
             ... on level 5 of the Dungeon.
             The game lasted 00:20:20 (5461 turns).

Faeu the Skirmisher (Minotaur Berserker)            Turns: 5461, Time: 00:20:21

Health: -1/73      AC: 13    Str: 25    XL:     8   Next: 54%
Magic:  7/7        EV:  8    Int:  4    God:    Trog [***...]
Gold:   461        SH:  0    Dex:  9    Spells: 7/7 levels left

rFire   . . .      SeeInvis .   a - +0 hand axe {axe}
rCold   . . .      Faith    .   (no shield)
rNeg    . . .      Spirit   .   v - +0 plate armour
rPois   .          Reflect  .   (helmet restricted)
rElec   .          Harm     .   (no cloak)
rCorr   +          Rampage  .   (no gloves)
Will    .....                   (no boots)
Stlth   ..........              u - amulet of magic regeneration {@e2}
HPRegen 0.22/turn               z - ring of resist corrosion
MPRegen 0.50/turn               (no ring)

@: no status effects
A: horns 2, retaliatory headbutt
a: Renounce Religion, Berserk, Trog's Hand


You were on level 5 of the Dungeon.
You worshipped Trog.
Trog was most pleased with you.
You visited 1 branch of the dungeon, and saw 5 of its levels.
You also visited: Ossuary.

You collected 461 gold pieces.


Innate Abilities, Weirdness & Mutations

You have a pair of horns on your head.
You reflexively headbutt those who attack you in melee.


   Skills:
 + Level 7.6 Fighting
 + Level 7.6 Axes
 + Level 7.0 Armour
 - Level 5.5 Dodging


You had 7 spell levels left.
You didn't know any spells.
Your spell library contained the following spells:

 Spells                   Type           Power      Damage    Failure   Level
 Frozen Ramparts          Ice            0%         1d2       100%        3
 Ozocubu's Armour         Ice            0%         N/A       100%        3
 Ice Form                 Ice/Tmut       0%         N/A       100%        4
 Summon Ice Beast         Ice/Summ       0%         N/A       100%        4
 Metabolic Englaciation   Hex/Ice        0%         N/A       100%        5
 Simulacrum               Ice/Necr       0%         N/A       100%        6

Inventory:

Hand Weapons
 a - a +0 hand axe (weapon) {axe}
 b - the +1 hunting sling of Tuolitei {vorpal, Int+2, sling}
   (You found it on level 3 of the Dungeon)

   Any ammunition fired from it inflicts extra damage upon your enemies.
   Int:       It affects your intelligence (+2).
 w - a +1 dagger of freezing {short}
   (You took it off a wight on level 5 of the Dungeon)
 x - a +3 dagger {short}
   (You took it off an orc on level 5 of the Dungeon)
 y - a +1 great sword of freezing {long}
   (You took it off a wight on level 5 of the Dungeon)
Missiles
 m - a curare-tipped dart (quivered) {=fthrowing}
Armour
 h - a +0 ring mail
   (You found it on level 3 of the Dungeon)
 l - a +0 chain mail
   (You took it off Terence on level 3 of the Dungeon)
 v - a +0 plate armour (worn)
   (You found it on level 5 of the Dungeon)
Jewellery
 u - an amulet of magic regeneration (around neck) {@e2}
   (You found it on level 4 of the Dungeon)
 z - a ring of resist corrosion (left hand)
   (You took it off a wight on level 5 of the Dungeon)
Scrolls
 e - 3 scrolls of fear
 g - a scroll of enchant armour
 j - 2 scrolls of enchant weapon
 k - 2 scrolls of teleportation {@r4}
 p - 3 scrolls of blinking {!r}
Potions
 c - a potion of magic {unknown}
 d - a potion of heal wounds {unknown}
 f - 2 potions of degeneration {unknown}
 n - 2 potions of curing {@q1}
 q - 4 potions of attraction {unknown}
 r - 2 potions of haste {unknown}
 s - a potion of brilliance
 t - 2 potions of cancellation {unknown}

Dungeon Overview and Level Annotations

Branches:
Dungeon (5/15)            Ossuary (visited)
 Temple: D:4-7

Altars:
Dithmenos
Makhleb
Nemelex Xobeh
Okawaru
Uskayaw

#########.'.⌠._# #.# ###....#
####'## #..._# #.....#
##..############.....## ######
#### .........'.......
##....####################....###
.............)........[.......)$.
##..........##########.#.........
#....$.....# #.#.#....#.#
##..........##########.#.#..<....
.+..............@z.......#.......
##..:........#########...#.......
#....##.....# #...#.#....#
#....##.....# #...#.#....# ..
#[.(..# #...#.##...# #######
#......# .###.#.# ....# #


You could see a wight.


Message History

You speak a Word of immense power!
It was a scroll of holy word. 😨 HP[+1] As you open the door, it creaks loudly!
A black bear comes into view.
The black bear growls angrily. 😨 HP[+1] 😨 HP[+1]
You hit the black bear. Your headbutt misses the black bear.
The black bear barely misses you.
The black bear claws you but does no damage.
The black bear claws you.
* * * LOW HITPOINT WARNING * * *
😨 HP[-4]
You take 4 damage, and now have 28/73 hp.
You slash the black bear! Your headbutt misses the black bear.
The black bear bites you but does no damage.
The black bear claws you but does no damage.
The black bear barely misses you. 😨 HP[+1]
You slash the black bear! The black bear barely misses you.
The black bear claws you but does no damage.
The black bear barely misses you.
The black bear bites you but does no damage.
The black bear claws you.
* * * LOW HITPOINT WARNING * * *
The black bear claws you.
* * * LOW HITPOINT WARNING * * *
😨 HP[-5]
You take 5 damage, and now have 24/73 hp.
You barely miss the black bear.
The black bear bites you but does no damage.
The black bear claws you but does no damage.
The black bear closely misses you.
You barely miss the black bear. Your headbutt misses the black bear.
The black bear bites you but does no damage.
The black bear claws you but does no damage. x2
The black bear bites you but does no damage.
The black bear claws you but does no damage. x2 😨 HP[+1]
You hit the black bear. The black bear bites you.
* * * LOW HITPOINT WARNING * * *
The black bear closely misses you. The black bear claws you.
* * * LOW HITPOINT WARNING * * *
😱 HP[-7]
You take 7 damage, and now have 18/73 hp.
You slash the black bear!
You kill the black bear!
Trog accepts your kill.
Your Armour skill increases to level 7! 😨 HP[+1] 😨 HP[+1] 😨 HP[+1]
You hear the brisk rusting of a very distant drain.
You feel yourself speed up.
There is an open door here. 😨 HP[+1] 😨 HP[+1]
There is an open door here.
Unknown command. 😨 HP[+1] 😨 HP[+1]
You recover from your berserk rage.
You see here a +0 robe. 😨 HP[+1] 😨 HP[+1]
Things that are here:
a +0 whip {mace}; a +0 scale mail; an adder skeleton 😨 HP[+1] 😨 HP[+1]
A wight comes into view. It is wielding a +0 halberd.
A wight comes into view. It is wielding a +3 halberd. 😨 HP[+1]
The wight barely misses you.
You closely miss the wight.
You headbutt the wight, but do no damage.
The wight hits you but does no damage. The wight closely misses you.
You closely miss the wight. You headbutt the wight!
The wight hits you but does no damage.
The wight hits you from afar with a +3 halberd!
* * * LOW HITPOINT WARNING * * *
😱 HP[-12]
You take 12 damage, and now have 18/73 hp.
You slash the wight!
You destroy the wight!
Trog accepts your kill. The wight barely misses you. 😨 HP[+1]
The wight hits you with a +3 halberd.
* * * LOW HITPOINT WARNING * * *
Things that are here:
a +0 halberd {polearm}; a +0 robe; 😱 HP[-4]
You take 4 damage, and now have 15/73 hp.
You hit the wight. The wight hits you with a +3 halberd!
* * * LOW HITPOINT WARNING * * *
😱 HP[-8]
You take 8 damage, and now have 7/73 hp.
You barely miss the wight. Your headbutt misses the wight.
The wight barely misses you.
You hit the wight but do no damage. The wight hits you with a +3 halberd!
You die...

Skill      XL: |  1  2  3  4  5  6  7  8 |
---------------+-------------------------+-----
Axes           | 4 5 6 7 |  7.6
Fighting       | 4 5 6 7 |  7.6
Armour         | 3 4 5 7 |  7.0
Dodging        | 3 4 5 |  5.5

Action                   |  1- 3 |  4- 6 |  7- 9 || total
-------------------------+-------+-------+-------++-------
Melee: Hand axe          |    73 |   148 |   162 ||   383
       Punch             |     1 |     2 |     1 ||     4
       Headbutt          |     4 |    23 |    35 ||    62
Invok: Berserk           |       |     2 |     5 ||     7
  Use: Potion            |       |       |     1 ||     1
       Scroll            |       |       |     7 ||     7
 Stab: Sleeping          |     2 |       |       ||     2
Armor: Animal skin       |    10 |     5 |       ||    15
       Ring mail         |       |     7 |       ||     7
       Chain mail        |       |    43 |    33 ||    76
       Plate armour      |       |       |    40 ||    40
Dodge: Dodged            |    34 |    60 |    41 ||   135

Levels and vault maps discovered:
D:1:      heliophobic_arrival_enchanted_forest, layout_basic,
          dreamdust_ecumenical_altar_sealed_demon, minmay_tromino_v7
D:2:      layout_basic, uniq_natasha
D:3:      layout_basic, kennysheep_generic_room_13, uniq_terence
D:4:      layout_cave_pools, nicolae_dithmenos_shadow_blocks,
          nicolae_ossuary_entry_catacombs, dk_noncrumbling_3
D:5:      layout_basic, okawaru_metal_pillars_1_2,
          gammafunk_temple_overflow_forgotten, gup_sewer_entry_spiral

Notes
Turn   | Place    | Note
-------+----------+-------------------------------------------
     0 | D:1      | Faeu the Minotaur Berserker began the quest for the Orb.
     0 | D:1      | Reached XP level 1. HP: 19/19 MP: 0/0
     0 | D:1      | magus.rc [v1.9.6]
   229 | D:1      | Reached XP level 2. HP: 17/27 MP: 1/1
   439 | D:1      | Reached skill level 4 in Axes
   538 | D:1      | Reached skill level 4 in Fighting
   729 | D:1      | Reached skill level 3 in Armour
   729 | D:1      | Reached XP level 3. HP: 29/33 MP: 2/2
   903 | D:1      | Found a faded altar of an unknown god.
   903 | D:1      | Noticed a shadow demon
  1025 | D:2      | Noticed Natasha
  1034 | D:2      | Killed Natasha
  1035 | D:2      | Reached skill level 3 in Dodging
  1264 | D:2      | Reached XP level 4. HP: 22/40 MP: 3/3
  1698 | D:2      | You fall into a shaft and drop 1 floor!
  1742 | D:3      | Reached ** piety under Trog
  2309 | D:3      | Identified the +1 hunting sling of Tuolitei {vorpal, Int+2}
  2353 | D:3      | Reached XP level 5. HP: 47/47 MP: 4/4
  2356 | D:3      | You pick up a book of Winter {forbidden} and begin
                  | reading...
  2356 | D:3      | You add the spells Ozocubu's Armour, Metabolic Englaciation
                  | and Simulacrum to your library.
  2407 | D:3      | Noticed Terence
  2425 | D:3      | Killed Terence
  3004 | D:4      | Noticed a centaur
  3015 | D:4      | Killed a centaur
  3016 | D:4      | Reached skill level 5 in Fighting
  3016 | D:4      | Reached skill level 5 in Axes
  3016 | D:4      | Reached skill level 4 in Armour
  3065 | D:4      | HP: 8/48 [iguana (9)]
  3069 | D:4      | Reached skill level 4 in Dodging
  3069 | D:4      | Reached XP level 6. HP: 10/56 MP: 5/5
  3133 | D:4      | Found a shadowy altar of Dithmenos.
  3235 | D:4      | Found a sand-covered staircase.
  3240 | Ossuary  | Entered an ossuary
  3325 | Ossuary  | Reached *** piety under Trog
  3453 | Ossuary  | Reached XP level 7. HP: 25/61 MP: 6/6
  3454 | Ossuary  | Reached skill level 5 in Armour
  3881 | Ossuary  | HP: 11/62 [mummy (13)]
  3883 | Ossuary  | Reached skill level 6 in Axes
  4318 | D:4      | Reached skill level 6 in Fighting
  4457 | D:4      | Reached skill level 5 in Dodging
  4548 | D:4      | You pick up a book of Rime {forbidden} and begin reading...
  4548 | D:4      | You add the spells Frozen Ramparts, Ice Form and Summon Ice
                  | Beast to your library.
  5003 | D:5      | Entered Level 5 of the Dungeon
  5030 | D:5      | Found an iron altar of Okawaru.
  5052 | D:5      | HP: 15/64 [poisoned by a scorpion]
  5055 | D:5      | HP: 7/64 [poisoned by a scorpion]
  5106 | D:5      | Reached XP level 8. HP: 43/71 MP: 7/7
  5121 | D:5      | Reached skill level 6 in Armour
  5179 | D:5      | HP: 7/106 [ogre/+0 giant club (24)]
  5199 | D:5      | HP: 6/71 [orc/+0 club (3)]
  5264 | D:5      | Reached skill level 7 in Fighting
  5264 | D:5      | Reached skill level 7 in Axes
  5277 | D:5      | Found a burning altar of Makhleb.
  5277 | D:5      | Found a hide-covered altar of Uskayaw.
  5277 | D:5      | Found a sparkling altar of Nemelex Xobeh.
  5404 | D:5      | HP: 18/73 [black bear (3)]
  5406 | D:5      | Reached skill level 7 in Armour
  5456 | D:5      | HP: 18/73 [wight/+3 halberd (12)]
  5459 | D:5      | HP: 7/73 [wight/+3 halberd (8)]
  5461 | D:5      | Slain by a wight

Vanquished Creatures
  A black bear (D:5)
  2 sky beasts (D:5)
  An ogre (D:5)
  A centaur (D:4)
  A kobold brigand (D:4)
  2 elf skeletons (D:4)
  4 scorpions
  A water moccasin skeleton (D:4)
  3 wights (D:5)
  A human zombie (D:4)
  A hound (D:3)
  A jelly (D:5)
  A human skeleton (D:4)
  Terence (D:3)
  Natasha (D:2)
  An iguana (D:4)
  An orc wizard (D:4)
  8 mummies (Ossuary)
  A howler monkey zombie (D:5)
  3 adders
  A gnoll (D:3)
  2 adder skeletons (D:4)
  3 worms (D:3)
  4 dart slugs
  10 orcs
  2 bats
  8 endoplasms
  4 giant cockroaches
  A gnoll zombie (Ossuary)
  9 goblins
  8 hobgoblins
  3 jackals (D:1)
  3 kobolds
  4 quokkas
  9 ball pythons
  A frilled lizard (D:2)
  4 hobgoblin zombies (Ossuary)
  3 kobold zombies (Ossuary)
  2 orc skeletons (D:4)
  8 rats
125 creatures vanquished.

Table legend:
 A = Non-vault XP
 B = Vault XP
 C = Vault XP percentage of total XP
 D = Non-vault monster count
 E = Vault monster count
 F = Vault count percentage of total count
                 A         B        C        D         E       F
            +---------+---------+-------+---------+---------+-------
      Total |    1703 |     474 |  21.8 |      96 |      29 |  23.2
            +---------+---------+-------+---------+---------+-------
        D:1 |      44 |       4 |   8.3 |      24 |       3 |  11.1
        D:2 |      31 |      35 |  53.0 |       9 |       1 |  10.0
        D:3 |     109 |      38 |  25.9 |      24 |       3 |  11.1
        D:4 |     568 |     244 |  30.0 |      19 |       6 |  24.0
        D:5 |     951 |       0 |   0.0 |      20 |       0 |   0.0
    Ossuary |       0 |     153 | 100.0 |       0 |      16 | 100.0
            +---------+---------+-------+---------+---------+-------

Illustrated notes

Table legend:
 A = Kills in this place as a percentage of kills in entire the game.
 B = Kills by you in this place as a percentage of kills by you in the entire game.
 C = Kills by friends in this place as a percentage of kills by friends in the entire game.
 D = Other kills in this place as a percentage of other kills in the entire game.
 E = Experience gained in this place as a percentage of experience gained in the entire game.
 F = Experience gained in this place divided by the number of levels of this place that you have seen.
                   A       B       C       D       E      F
               +-------+-------+-------+-------+-------+----------------------
         Total | 100.0 | 100.0 |   N/A |   N/A | 100.0 | 362.8
       Dungeon |  87.2 |  87.2 |   N/A |   N/A |  93.0 | 404.8
       Ossuary |  12.8 |  12.8 |   N/A |   N/A |   7.0 | 153.0
               +-------+-------+-------+-------+-------+----------------------

Table legend: (Time is in decaauts)
 A = Elapsed time spent in this place.
 B = Non-inter-level travel time spent in this place.
 C = Inter-level travel time spent in this place.
 D = Time resting spent in this place.
 E = Time spent auto-exploring this place.
 F = Levels seen in this place.
 G = Mean time per level.
                   A        B        C        D        E       F      G
               +--------+--------+--------+--------+--------+-----+--------+
         Total |   5564 |   5426 |    138 |    811 |   2943 |   6 |  927.3 |
       Dungeon |   4524 |   4386 |    138 |     85 |   2854 |   5 |  904.8 |
       Ossuary |   1039 |   1039 |      0 |    726 |     89 |   1 | 1039.0 |
               +--------+--------+--------+--------+--------+-----+--------+

Top non-repeatable levels by time:
     D:3: 1435 daAuts
 Ossuary: 1039 daAuts
     D:1: 956 daAuts
     D:4: 859 daAuts
     D:2: 771 daAuts
     D:5: 501 daAuts
